AoeStats
← Orca17

Arena

503885442Analyzed
1v1 RM · 1mo ago on Sep 2, 2026· 20m 45s· 2 players
Game mode
Random Map
Map size
Tiny (2 player)
Population
200
Speed
Normal
Resources
Standard
Victory
Conquest
Starting age
Dark Age
Ending age
Imperial Age
RankedLock teamsTeams togetherTeam positionsShared explorationLock speedFull tech treeHidden civsTurbo modeCheats
Victory
Defeat
🇩🇪 Spanish · Germany
2242
+7
🇵🇰 Malians · Pakistan
2010
-7
Orca17
10:41 Feudal Age
9:48 Loom
14:54 Castle Age
13:48 Double-Bit Axe
Decade
5:07 Loom
9:21 Feudal Age
10:55 Fletching
14:04 Double-Bit Axe
16:13 Horse Collar
22:59 Castle Age
Connection lost

Rejoining the realm…

Still unreachable

The connection could not be restored.

Session expired

The server has moved on; the page needs a fresh start.